 Seeded DCSS version 0.31.0-32-g396128a36d (webtiles) character file.

Game seed: 13823179046026624445 (custom seed)

92 timneilson the Sneak (level 4, -3/25 HPs)
             Began as a Kobold Enchanter on Apr 1, 2024.
             Killed from afar by Ijyb (10 damage)
             ... with a puff of flame
             ... on level 3 of the Dungeon.
             The game lasted 00:07:15 (2482 turns).

timneilson the Sneak (Kobold Enchanter)             Turns: 2482, Time: 00:07:16

Health: -3/25      AC:  8    Str:  5    XL:     4   Next: 90%
Magic:  7/7        EV: 16    Int: 16    God:
Gold:   158        SH:  0    Dex: 17    Spells: 7/7 levels left

rFire   . . .        a - +1 dagger
rCold   . . .        (no shield)
rNeg    . . .        b - +0 robe
rPois   .            s - +0 helmet
rElec   .            t - +0 cloak
rCorr   .            (no gloves)
SInv    .            (no boots)
Will    .....        e - amulet of regeneration
Stlth   ++++         q - +4 ring of protection
HPRegen 1.04/turn    (no ring)
MPRegen 0.10/turn

%: no passive effects
@: no status effects
A: small, no large weapons, nightstalker 3
a: no special abilities


You were on level 3 of the Dungeon.
You visited 1 branch of the dungeon, and saw 3 of its levels.

You collected 158 gold pieces.

Inventory:

Hand Weapons
 a - a +1 dagger (weapon)
Missiles
 g - 16 poisoned darts (quivered)
 o - 6 curare-tipped darts
Armour
 b - a +0 robe (worn)
 s - a +0 helmet (worn)
 t - a +0 cloak (worn)
Jewellery
 e - an amulet of regeneration (around neck)
 q - a +4 ring of protection (left hand)
Scrolls
 d - a scroll of blinking
 i - a scroll of fog
 r - 2 scrolls of identify
 u - a scroll of amnesia
Potions
 c - 2 potions of invisibility
 f - a potion of attraction
 h - 2 potions of curing
 j - a potion of magic
 k - 3 potions of heal wounds {unknown}
 l - a potion of haste {unknown}
 m - a potion of brilliance {unknown}
 n - a potion of might {unknown}
 p - a potion of berserk rage {unknown}
 v - 2 potions of enlightenment {unknown}


   Skills:
 + Level 1.4 Fighting
 * Level 3.1 Short Blades
 + Level 1.1 Armour
 * Level 3.5 Dodging
 + Level 4.6 Stealth
 - Level 2.1 Spellcasting
 - Level 3.0 Hexes


You had 7 spell levels left.
You didn't know any spells.
Your spell library contained the following spells:

 Spells                   Type           Power      Damage    Failure   Level
 Jinxbite                 Hex            22%        N/A       9%          2
 Ensorcelled Hibernation  Hex/Ice        12%        N/A       17%         2
 Confusing Touch          Hex            11%        N/A       19%         3
 Tukima's Dance           Hex            11%        N/A       19%         3
 Apportation              Tloc           2%         N/A       21%         1
 Dazzling Flash           Conj/Hex       12%        N/A       32%         3
 Alistair's Intoxication  Alch           0%         N/A       99%         5


Dungeon Overview and Level Annotations

Branches:
Dungeon (3/15)

Altars:
Xom

Shops:
D:1 [   D:2 ?

Annotations:
D:3 Ijyb


Innate Abilities, Weirdness & Mutations

You are small and have problems with some larger weapons.
You are completely attuned to the shadows.


Message History

The bat barely misses you.
You hit the bat but do no damage.
The bat is moderately wounded.
The bat closely misses you. The bat misses you.
You barely miss the bat.
The bat is moderately wounded.
The bat misses you. The bat misses you.
You closely miss the bat. The bat barely misses you. The bat misses you.
You barely miss the bat. The bat closely misses you.
The bat hits you but does no damage.
You hit the bat.
You kill the bat!
No target in view!
No target in view!
No target in view!
No target in view!
No target in view!
No target in view!
No target in view!
No target in view!
No target in view!
No target in view!
No target in view!
No target in view!
Found a short sword.
You see here a bat corpse.
You see here a bat corpse.
Ijyb the Twisted Goblin comes into view.
She is wielding a +0 club and carrying a wand of flame.
Ijyb zaps a wand.
The puff of flame hits you!
You hit Ijyb but do no damage.
Ijyb zaps a wand.
The puff of flame hits you.
You hit Ijyb.
Ijyb is lightly wounded.
Ijyb zaps a wand.
The puff of flame hits you!
* * * LOW HITPOINT WARNING * * *
You hit Ijyb but do no damage.
Ijyb is lightly wounded.
Ijyb zaps a wand.
The puff of flame hits you!
You die...

######## #......g#
#......@# #.......#
#.......# #########
#.......# #........
#.......##### #........
###
#........)..####........
..##
##.......###.............
#..##
#....................†...
##..##
##........#.######........


You could see Ijyb.

Vanquished Creatures
  3 adders
  2 ribbon worms
  6 ball pythons
  9 endoplasms
  5 giant cockroaches
  6 goblins
  4 hobgoblins
  A quokka (D:3)
  6 bats
  2 frilled lizards
  6 kobolds
  8 rats
58 creatures vanquished.

Notes
Turn   | Place    | Note
-------+----------+-------------------------------------------
     0 | D:1      | timneilson the Kobold Enchanter began the quest for the
                  | Orb.
     0 | D:1      | Reached XP level 1. HP: 10/10 MP: 3/3
   274 | D:1      | Found a faded altar of an unknown god.
   286 | D:1      | Reached XP level 2. HP: 15/16 MP: 5/5
   477 | D:1      | You fall into a shaft and drop 1 floor!
   608 | D:2      | Found a shimmering altar of Xom.
   650 | D:2      | Reached XP level 3. HP: 20/20 MP: 6/6
   730 | D:1      | Found Nanteh's Antique Armour Boutique.
  1260 | D:2      | Found Qinkenoqu's Magic Scroll Shoppe.
  1288 | D:2      | Reached skill level 1 in Fighting
  1528 | D:2      | Reached XP level 4. HP: 25/25 MP: 7/7
  1973 | D:3      | Reached skill level 1 in Armour
  2475 | D:3      | Noticed Ijyb
  2482 | D:3      | Killed from afar by Ijyb

Illustrated notes

Levels and vault maps discovered:
D:1:      dpeg_arrival_water_temple_mockup, layout_basic,
          shapermc_ecumenical_altar_mp_urbaneastern, serial_shops,
          nicolae_shop_trees, reono_crystal_passage
D:2:      kb_forest_paths, layout_basic, serial_shops,
          nicolae_shop_tiny_statue_garden, basic_altar, grunt_ministairs_3,
          minmay_pentomino_s2
D:3:      layout_rooms, uniq_ijyb

Skill      XL: |  1  2  3  4 |
---------------+-------------+-----
Short Blades   | 2 3 |  3.1
Dodging        | 3 |  3.5
Fighting       | 1 |  1.4
Armour         | 1 |  1.1
Stealth        | |  4.6
Spellcasting   | |  2.1
Hexes          | |  3.0

Action                     |  1- 3 |  4- 6 || total
---------------------------+-------+-------++-------
  Melee: Dagger            |    67 |    88 ||   155
         Punch             |     1 |       ||     1
    Use: Scroll            |     4 |     2 ||     6
   Stab: Sleeping          |    21 |    14 ||    35
         Distracted        |       |     1 ||     1
 Armour: Robe              |    20 |    23 ||    43
  Dodge: Dodged            |    38 |    51 ||    89
